SA
WALLA WALLA WALLEYE @ WASHINGTON GENERALS
09/02/2029
 
TOP OF THE 1ST
Walla Walla Walleye batting - Pitching for Washington Generals : RHP Phillip Donoghue
Pitching: RHP Phillip Donoghue
Batting: RHB Olubowale Akintimehin 0-0: Ball
1-0: Ball
2-0: Foul Ball, location: 2F
2-1: Foul Ball, location: 2F
2-2: Ball
3-2: Strikes out swinging
Batting: RHB Héctor Espiga 0-0: DOUBLE (Line Drive, 78D)
Batting: RHB Luis Delvalle 0-0: Fly out, F7 (Flyball, 7S)
Batting: RHB Cody Jaeckel 0-0: Ball
1-0: Fly out, F7 (Flyball, 7)
Top of the 1st over - 0 runs, 1 hit, 0 errors, 1 left on base; Walla Walla 0 - Washington 0
BOTTOM OF THE 1ST
Washington Generals batting - Pitching for Walla Walla Walleye : RHP Sjoerd Reynoud
Pitching: RHP Sjoerd Reynoud
Batting: LHB Yao-pang Chiang 0-0: Called Strike
0-1: Foul Ball, location: 2F
0-2: Ball
1-2: Strikes out looking
Batting: RHB Stan Wheeler 0-0: Fly out, F9 (Flyball, 89M)
Batting: RHB Bill Perkins 0-0: Ball
1-0: Ball
2-0: Called Strike
2-1: Reached on error, E5 (Groundball, 5)
Batting: RHB Daryl Yandell 0-0: Called Strike
0-1: Foul Ball, location: 2F
0-2: Ball
1-2: Strikes out swinging
Bottom of the 1st over - 0 runs, 0 hits, 1 error, 1 left on base; Walla Walla 0 - Washington 0
TOP OF THE 2ND
Walla Walla Walleye batting - Pitching for Washington Generals : RHP Phillip Donoghue
Batting: RHB Ramón Yniguez 0-0: Ball
1-0: DOUBLE (Line Drive, 7LD)
Batting: RHB José de la Cavallería 0-0: Ball
1-0: Called Strike
1-1: Foul Ball, location: 2F
1-2: Strikes out looking
Batting: RHB Martin Myers 0-0: Called Strike
0-1: SINGLE (Groundball, 4M) (infield hit)
Ramón Yniguez to third
Batting: RHB Gustavo Ortíz 0-0: Ball
1-0: Ball
2-0: Ball
3-0: Called Strike
Balk!
Ramón Yniguez scores
Martin Myers to second
3-1: Foul Ball, location: 2F
3-2: Fly out, F5 (Popup, 56)
Batting: LHB Mo Eayrs 0-0: Called Strike
0-1: Swinging Strike
0-2: Strikes out swinging
Top of the 2nd over - 1 run, 2 hits, 0 errors, 1 left on base; Walla Walla 1 - Washington 0
BOTTOM OF THE 2ND
Washington Generals batting - Pitching for Walla Walla Walleye : RHP Sjoerd Reynoud
Batting: RHB Jason Alston 0-0: Ball
1-0: Fly out, F7 (Line Drive, 78M)
Batting: RHB Mike Lipide 0-0: Ball
1-0: Called Strike
1-1: Swinging Strike
1-2: Ball
2-2: Ball
3-2: Strikes out looking
Batting: RHB Alonso Vielma 0-0: Foul Ball, location: 2F
0-1: Ball
1-1: Fly out, F7 (Flyball, 7S)
Bottom of the 2nd over - 0 runs, 0 hits, 0 errors, 0 left on base; Walla Walla 1 - Washington 0
TOP OF THE 3RD
Walla Walla Walleye batting - Pitching for Washington Generals : RHP Phillip Donoghue
Batting: RHB Olubowale Akintimehin 0-0: Foul Ball, location: 2F
0-1: Ball
1-1: Foul Ball, location: 2F
1-2: Foul Ball, location: 2F
1-2: SINGLE (Flyball, 89M)
Batting: RHB Héctor Espiga 0-0: Foul Ball, location: 2F
0-1: Ball
1-1: Foul Ball, location: 2F
1-2: Strikes out swinging
Batting: RHB Luis Delvalle 0-0: Ball
Olubowale Akintimehin steals 2nd base
1-0: Swinging Strike
1-1: Ball
Olubowale Akintimehin is caught stealing 3rd base
2-1: Foul Ball, location: 2F
2-2: Foul Ball, location: 2F
2-2: Ball
3-2: Strikes out looking
Top of the 3rd over - 0 runs, 1 hit, 0 errors, 0 left on base; Walla Walla 1 - Washington 0
BOTTOM OF THE 3RD
Washington Generals batting - Pitching for Walla Walla Walleye : RHP Sjoerd Reynoud
Batting: RHB Júlio Rodríguez 0-0: Foul Ball, location: 2F
0-1: Ball
1-1: Swinging Strike
1-2: Ball
2-2: Ball
3-2: Foul Ball, location: 2F
3-2: Ground out 6-3 (Groundball, 6)
Batting: RHB Dan Vanblarcom 0-0: SINGLE (Flyball, 89S)
Batting: LHB Yao-pang Chiang 0-0: Called Strike
0-1: Ball
1-1: Swinging Strike
1-2: Foul Ball, location: 2F
1-2: Fielders Choice at 2nd, 4-6 (Groundball, 34D)
Batting: RHB Stan Wheeler 0-0: Ball
1-0: Called Strike
1-1: Called Strike
1-2: Foul Ball, location: 2F
1-2: SINGLE (Groundball, 6MD)
Yao-pang Chiang to second
Runner from 2nd tries for 3rd, SAFE, no throw
Batting: RHB Bill Perkins 0-0: Ball
1-0: Called Strike
1-1: Called Strike
1-2: Fly out, F7 (Flyball, 78D)
Bottom of the 3rd over - 0 runs, 2 hits, 0 errors, 2 left on base; Walla Walla 1 - Washington 0
TOP OF THE 4TH
Walla Walla Walleye batting - Pitching for Washington Generals : RHP Phillip Donoghue
Batting: RHB Cody Jaeckel 0-0: Ball
1-0: Ball
2-0: Called Strike
2-1: Ball
3-1: Foul Ball, location: 2F
3-2: Strikes out swinging
Batting: RHB Ramón Yniguez 0-0: Ball
1-0: Foul Ball, location: 2F
1-1: Ball
2-1: Called Strike
2-2: SINGLE (Line Drive, 89S)
Batting: RHB José de la Cavallería 0-0: Called Strike
0-1: Fly out, F7 (Flyball, 78D)
Batting: RHB Martin Myers 0-0: Ball
1-0: Foul Ball, location: 2F
1-1: Ball
2-1: Foul Ball, location: 2F
2-2: Ground out 4-3 (Groundball, 4)
Top of the 4th over - 0 runs, 1 hit, 0 errors, 1 left on base; Walla Walla 1 - Washington 0
BOTTOM OF THE 4TH
Washington Generals batting - Pitching for Walla Walla Walleye : RHP Sjoerd Reynoud
Batting: RHB Daryl Yandell 0-0: Ball
1-0: Ball
2-0: Ground out 5-3 (Groundball, 56S)
Batting: RHB Jason Alston 0-0: DOUBLE (Groundball, 5L)
Batting: RHB Mike Lipide 0-0: Called Strike
0-1: Ball
1-1: Swinging Strike
1-2: Reached on error, E6 (Groundball, 6M)
Jason Alston to third
Batting: RHB Alonso Vielma 0-0: Ball
1-0: Swinging Strike
1-1: Ball
2-1: Ground out 4-3 (Groundball, 6MS)
Jason Alston scores
Mike Lipide to second
Batting: RHB Júlio Rodríguez 0-0: Swinging Strike
0-1: Fly out, F7 (Flyball, 7D)
Bottom of the 4th over - 1 run, 1 hit, 1 error, 1 left on base; Walla Walla 1 - Washington 1
TOP OF THE 5TH
Walla Walla Walleye batting - Pitching for Washington Generals : RHP Phillip Donoghue
Batting: RHB Gustavo Ortíz 0-0: Called Strike
0-1: SINGLE (Groundball, 34S) (infield hit)
Batting: LHB Mo Eayrs 0-0: Bunted foul
0-1: Sac Bunt - play at first, batter OUT! 2-4
Gustavo Ortíz to second
Batting: RHB Olubowale Akintimehin 0-0: Foul Ball, location: 2F
0-1: Ball
1-1: SINGLE (Groundball, 6D)
Gustavo Ortíz to third
Batting: RHB Héctor Espiga 0-0: Swinging Strike
0-1: Ball
1-1: Ball
Wild Pitch!
Gustavo Ortíz scores
Olubowale Akintimehin to second
2-1: Swinging Strike
2-2: Ball
3-2: Strikes out swinging
Batting: RHB Luis Delvalle 0-0: Swinging Strike
0-1: Swinging Strike
0-2: Ball
1-2: Ground out 6-3 (Groundball, 6)
Top of the 5th over - 1 run, 2 hits, 0 errors, 1 left on base; Walla Walla 2 - Washington 1
BOTTOM OF THE 5TH
Washington Generals batting - Pitching for Walla Walla Walleye : RHP Sjoerd Reynoud
Batting: RHB Dan Vanblarcom 0-0: Ball
1-0: Fly out, F7 (Flyball, 7)
Batting: LHB Yao-pang Chiang 0-0: Called Strike
0-1: Foul Ball, location: 2F
0-2: Ball
1-2: Strikes out looking
Batting: RHB Stan Wheeler 0-0: Bunt missed!
0-1: Ball
1-1: Fly out, F4 (Line Drive, 4)
Bottom of the 5th over - 0 runs, 0 hits, 0 errors, 0 left on base; Walla Walla 2 - Washington 1
TOP OF THE 6TH
Walla Walla Walleye batting - Pitching for Washington Generals : RHP Phillip Donoghue
Batting: RHB Cody Jaeckel 0-0: Ball
1-0: DOUBLE (Line Drive, 7LD)
Batting: RHB Ramón Yniguez 0-0: Intentional Walk
Batting: RHB José de la Cavallería 0-0: Called Strike
0-1: Called Strike
0-2: Ball
1-2: Ball
2-2: Ball
3-2: Grounds into double play, U5-3 (Groundball, 5L)
Ramón Yniguez to second
Batting: RHB Martin Myers 0-0: Called Strike
0-1: Swinging Strike
0-2: Ball
1-2: Foul Ball, location: 2F
1-2: Strikes out swinging
Top of the 6th over - 0 runs, 1 hit, 0 errors, 1 left on base; Walla Walla 2 - Washington 1
BOTTOM OF THE 6TH
Washington Generals batting - Pitching for Walla Walla Walleye : RHP Sjoerd Reynoud
Batting: RHB Bill Perkins 0-0: Ball
1-0: Called Strike
1-1: Ball
2-1: Ball
3-1: SINGLE (Groundball, 56D)
Batting: RHB Daryl Yandell 0-0: Foul Ball, location: 2F
0-1: Ball
1-1: Swinging Strike
1-2: Strikes out swinging
Batting: RHB Jason Alston 0-0: Ball
1-0: Ball
2-0: Called Strike
2-1: Ball
3-1: Swinging Strike
3-2: Base on Balls
Bill Perkins to second
Batting: RHB Mike Lipide 0-0: Foul Ball, location: 2F
0-1: Ball
1-1: Foul Ball, location: 2F
1-2: Fly out, F7 (Line Drive, 78D)
Batting: RHB Alonso Vielma 0-0: Foul Ball, location: 2F
0-1: Called Strike
0-2: Foul Ball, location: 2F
0-2: Foul Ball, location: 2F
0-2: Ball
1-2: Foul Ball, location: 2F
1-2: Strikes out looking
Bottom of the 6th over - 0 runs, 1 hit, 0 errors, 2 left on base; Walla Walla 2 - Washington 1
TOP OF THE 7TH
Walla Walla Walleye batting - Pitching for Washington Generals : RHP Phillip Donoghue
Batting: RHB Gustavo Ortíz 0-0: Called Strike
0-1: Foul Ball, location: 2F
0-2: Strikes out swinging
Batting: LHB Mo Eayrs 0-0: Ball
1-0: Called Strike
1-1: Fly out, F8 (Line Drive, 8RM)
Batting: RHB Olubowale Akintimehin 0-0: Swinging Strike
0-1: Ball
1-1: Ball
2-1: Foul Ball, location: 2F
2-2: Ground out 4-3 (Groundball, 4S)
Top of the 7th over - 0 runs, 0 hits, 0 errors, 0 left on base; Walla Walla 2 - Washington 1
BOTTOM OF THE 7TH
Washington Generals batting - Pitching for Walla Walla Walleye : RHP Sjoerd Reynoud
Batting: RHB Júlio Rodríguez 0-0: Ball
1-0: Ball
2-0: Foul Ball, location: 2F
2-1: Foul Ball, location: 2F
2-2: Strikes out swinging
Pitching: LHP Quan Shiu
Batting: RHB Dan Vanblarcom 0-0: Ball
1-0: Foul Ball, location: 2F
1-1: Ball
2-1: Fly out, F8 (Flyball, 8RM)
Batting: LHB Yao-pang Chiang 0-0: Called Strike
0-1: Called Strike
0-2: Ball
1-2: Fly out, F8 (Flyball, 89D)
Bottom of the 7th over - 0 runs, 0 hits, 0 errors, 0 left on base; Walla Walla 2 - Washington 1
TOP OF THE 8TH
Walla Walla Walleye batting - Pitching for Washington Generals : RHP Phillip Donoghue
Batting: RHB Héctor Espiga 0-0: Ball
1-0: Foul Ball, location: 2F
1-1: SINGLE (Groundball, 56) (infield hit)
Pinch Hitting: LHB Javier Reyes 0-0: Ball
1-0: Called Strike
1-1: Ball
2-1: Ball
Wild Pitch!
Héctor Espiga to second
3-1: DOUBLE (Groundball, 3L)
Héctor Espiga scores
Batting: RHB Cody Jaeckel 0-0: Called Strike
0-1: Ball
1-1: Ball
2-1: Foul Ball, location: 2F
2-2: Ball
3-2: Fly out, F7 (Flyball, 78M)
Batting: RHB Ramón Yniguez 0-0: Intentional Walk
Pitching: RHP Augusto Morín
Batting: RHB José de la Cavallería 0-0: Grounds into double play, 4-6-3 (Groundball, 4)
Top of the 8th over - 1 run, 2 hits, 0 errors, 1 left on base; Walla Walla 3 - Washington 1
BOTTOM OF THE 8TH
Washington Generals batting - Pitching for Walla Walla Walleye : LHP Quan Shiu
Now in CF: Javier Reyes
Batting: RHB Stan Wheeler 0-0: Ball
1-0: Foul Ball, location: 2F
1-1: DOUBLE (Groundball, 5L)
Pinch Runner at 2nd Ricardo Sandoval:
Batting: RHB Bill Perkins 0-0: Foul Ball, location: 2F
0-1: Ball
1-1: Ball
2-1: DOUBLE (Flyball, 8LXD)
Ricardo Sandoval scores
Batting: RHB Daryl Yandell 0-0: 2-RUN HOME RUN (Line Drive, 7LD), Distance : 362 ft
Pitching: LHP Miguel López
Batting: RHB Jason Alston 0-0: Ball
1-0: Swinging Strike
1-1: Ball
2-1: Foul Ball, location: 2F
2-2: Ball
3-2: Foul Ball, location: 2F
3-2: Strikes out swinging
Batting: RHB Mike Lipide 0-0: Ball
1-0: Foul Ball, location: 2F
1-1: Ball
2-1: Ball
3-1: Base on Balls
Batting: RHB Alonso Vielma 0-0: Swinging Strike
0-1: Ball
1-1: Called Strike
1-2: Ball
Mike Lipide steals 2nd base
2-2: Foul Ball, location: 2F
2-2: Ball
3-2: 2-RUN HOME RUN (Line Drive, 7D), Distance : 402 ft
Pitching: RHP Rich Overby
Batting: RHB Júlio Rodríguez 0-0: Called Strike
0-1: Called Strike
0-2: Ball
1-2: Fly out, F7 (Flyball, 7S)
Batting: RHB Dan Vanblarcom 0-0: Ball
1-0: Ball
2-0: Ball
3-0: Called Strike
3-1: Base on Balls
Batting: LHB Yao-pang Chiang 0-0: Ball
Wild Pitch!
Dan Vanblarcom to second
1-0: Ball
2-0: Called Strike
2-1: Ball
3-1: Called Strike
3-2: Base on Balls
Batting: RHB Ricardo Sandoval 0-0: Ball
1-0: Ball
2-0: Fly out, F7 (Line Drive, 7S)
Bottom of the 8th over - 5 runs, 4 hits, 0 errors, 2 left on base; Walla Walla 3 - Washington 6
TOP OF THE 9TH
Walla Walla Walleye batting - Pitching for Washington Generals : RHP Augusto Morín
Pitching: RHP Randy Gabaldon
Now at 3B: Ricardo Sandoval
Batting: RHB Martin Myers 0-0: Called Strike
0-1: Foul Ball, location: 2F
0-2: Strikes out swinging
Batting: RHB Gustavo Ortíz 0-0: Ball
1-0: Ball
2-0: Fly out, F7 (Flyball, 7D)
Batting: LHB Mo Eayrs 0-0: Called Strike
0-1: Called Strike
0-2: Ball
1-2: Ball
2-2: Strikes out swinging
Top of the 9th over - 0 runs, 0 hits, 0 errors, 0 left on base; Walla Walla 3 - Washington 6
Tuesday, December 19th, 2017 - OOTP Baseball 18.8 Build 76